[Event "*** Titled Tuesday Blitz"]
[Site "Chess.com"]
[Date "2019.09.03"]
[Round "2"]
[White "promen1999"]
[Black "STARMATEcc"]
[Result "1-0"]
[WhiteElo "2738"]
[BlackElo "2518"]
[TimeControl "180+2"]
[EndTime "15:23:49 PDT"]
[Termination "promen1999 won by checkmate"]

1. d4 Nf6 2. c4 e6 3. Nf3 Bb4+ 4. Bd2 Be7 5. Nc3 d5 6. Bg5 O-O 7. e3 c6 8. Qc2 Nbd7 9. a3 b6 10. cxd5 cxd5 11. Bd3 Bb7 12. O-O-O a6 13. Ne5 h6 14. Bxf6 Nxf6 15. f4 b5 16. Kb1 Rc8 17. Qb3 Qb6 18. g4 Rc7 19. g5 hxg5 20. fxg5 Ne4 21.
Bxe4 dxe4 22. g6 f6 23. Nf7 Rfc8 24. d5 Rxc3 25. bxc3 Qxe3 26. Rhe1 Qh3 27. d6 Rxc3 28. Qb2 Bd8 29. Nxd8 Bd5 30. d7 Rb3 31. Rxd5 Rxb2+ 32. Kxb2 Qxh2+ 33. Kb1 Qg3 34. Kb2 Qf2+ 35. Kb3 Qg3+ 36.
Kc2 Qf2+ 37. Rd2 Qc5+ 38. Kd1 Qh5+ 39. Ree2 e3 40. Nxe6 Qh1+ 41. Kc2 Qc6+ 42. Kb2 exd2 43. d8=Q+ Qe8 44. Qxe8# 1-0

[Event "*** Titled Tuesday Blitz"]
[Site "Chess.com"]
[Date "2019.09.03"]
[Round "2"]
[White "temus_galaktionov"]
[Black "x-6099009240"]
[Result "1/2-1/2"]
[WhiteElo "2615"]
[BlackElo "2339"]
[TimeControl "180+2"]
[EndTime "15:23:54 PDT"]
[Termination "Game drawn by repetition"]

1. d4 d5 2. Nf3 Nf6 3. c4 dxc4 4. e3 e6 5. Bxc4 c5 6. Nc3 a6 7. a4 Be7 8. O-O Nc6 9. dxc5 Bxc5 10. Qxd8+ Kxd8 11. e4 Nd7 12. Bf4 Ke7 13. Rfd1 f6 14. Kf1 Rd8 15. Ke2 Nb6 16. Rxd8 Nxd8 17. Bb3 e5 18. Be3 Bxe3 19. Kxe3 Be6 20. Bxe6 Nxe6 21. a5 Nc4+ 22.
Ke2 Nf4+ 23. Kf1 Rc8 24. b3 Nxa5 25. Ne2 Nxe2 26. Rxa5 Nd4 27. Nxd4 exd4 28. Ra4 Rd8 29. Ke2 d3+ 30. Kd2 Ke6 31. Rc4 Ke5 32. Rc7 b5 33. Rxg7 Kxe4 34. Rxh7 Kd4 35. Ra7 Rd6 36.
h4 f5 37. Rf7 Ke4 38. h5 Kf4 39. Rg7 Rh6 40. Rg6 Rxh5 41. Rxa6 Rg5 42. Kxd3 Rxg2 43. Ke2 Rg8 44. Rb6 Ra8 45. Rxb5 Ra2+ 46. Kf1 Kg4 47. Kg2 f4 48. Rb4 Rb2 49. Rb8 f3+ 50. Kg1 Rb1+ 51. Kh2 Rf1 52. Rg8+ Kh4 53. Rh8+ Kg4 54. Rg8+ Kf4 55.
Rf8+ Ke4 56. Re8+ Kf4 57. Rf8+ Ke4 58. Re8+ Kf4 59. Rf8+ 1/2-1/2

[Event "*** Titled Tuesday Blitz"]
[Site "Chess.com"]
[Date "2019.09.03"]
[Round "2"]
[White "Shahinyan_ChessMood"]
[Black "MalyDominator"]
[Result "1-0"]
[WhiteElo "2678"]
[BlackElo "2334"]
[TimeControl "180+2"]
[EndTime "15:23:55 PDT"]
[Termination "Shahinyan_ChessMood won by resignation"]

1. e4 c5 2. Nc3 Nc6 3. Bb5 Nd4 4. Nf3 Nxb5 5. Nxb5 a6 6. Nc3 e6 7. d4 cxd4 8. Qxd4 d6 9. Be3 Nf6 10. O-O-O Qc7 11.
e5 dxe5 12. Nxe5 Be7 13. Qb6 Qxe5 14. Rhe1 O-O 15. f4 Qf5 16. h3 h5 17. Kb1 Bd7 18. g4 hxg4 19. hxg4 Qxg4 20. Rg1 Qf5 21. Rg5 Qh7 22.
Rdg1 Nh5 23. Rxh5 Qxh5 24. Qd4 Qh7 25. Qxd7 Bb4 26. Ne2 Rac8 27. Qa4 b5 28. Qb3 Bc5 29. a3 Bxe3 30. Qxe3 Qxc2+ 31. Ka2 b4 32. Qe5 b3+ 33.
Ka1 Qh7 34. Nd4 Rfd8 35. Nxb3 Rc2 36. Ka2 g6 37. Nd4 Rd2 38. Nxe6 fxe6 39. Qxe6+ Kg7 40. Qe7+ Kg8 41. Qe6+ Kh8 42. Rxg6 R2d6 43. Qe5+ 1-0

[Event "*** Titled Tuesday Blitz"]
[Site "Chess.com"]
[Date "2019.09.03"]
[Round "2"]
[White "alishersuleymenov"]
[Black "AntonSmirnov"]
[Result "1-0"]
[WhiteElo "2624"]
[BlackElo "2870"]
[TimeControl "180+2"]
[EndTime "15:23:56 PDT"]
[Termination "alishersuleymenov won by resignation"]

1. d4 d5 2. Bf4 Nf6 3. e3 e6 4. Nd2 c5 5. c3 Nc6 6. Ngf3 Bd6 7. Bg3 O-O 8. Bd3 b6 9. Qe2 Bb7 10. Rd1 h6 11. Ne5 Qc7 12. f4 Nd7 13. O-O f5 14.
Nxd7 Qxd7 15. Nf3 c4 16. Bc2 b5 17. Ne5 Nxe5 18. fxe5 Be7 19. Bf2 a5 20. g4 b4 21.
gxf5 exf5 22. Qh5 a4 23. cxb4 a3 24. bxa3 Rxa3 25. Bg3 Bc8 26. Rf2 Rxe3 27. Rdf1 Qe8 28. Qd1 Bxb4 29. Rf3 Rxf3 30. Qxf3 Be6 31. Rb1 Bd2 32.
Rb6 Qd7 33. Rd6 Qe7 34. Bf4 Bb4 35. Rb6 Ba5 36. Rd6 Bc7 37. Ra6 Qf7 38. Ba4 Rb8 39. Bc2 Bb6 40. Be3 Qb7 41. Ra3 Rf8 42. h3 Qe7 43. Bf2 Qg5+ 44. Kh2 Bc7 45. Ra7 Qd8 46. Qg3 Rf7 47. Ra6 Bc8 48. Rxh6 Qe8 49. Qg6 Bd8 50.
Qh7+ Kf8 51. Qh8+ Ke7 52. Bh4+ Kd7 53. Ba4+ Kc7 54. Qxe8 1-0

[Event "*** Titled Tuesday Blitz"]
[Site "Chess.com"]
[Date "2019.09.03"]
[Round "2"]
[White "ChristianAlm"]
[Black "wannabe2700"]
[Result "0-1"]
[WhiteElo "2318"]
[BlackElo "2552"]
[TimeControl "180+2"]
[EndTime "15:23:58 PDT"]
[Termination "wannabe2700 won by checkmate"]

1. d4 Nf6 2. Bg5 d5 3. Bxf6 gxf6 4. c4 dxc4 5. e3 c5 6. Bxc4 cxd4 7. exd4 Bg7 8. Ne2 O-O 9. Nbc3 Nc6 10. O-O f5 11. d5 Ne5 12. Bb3 Qd6 13. Nd4 Bd7 14.
h3 a6 15. Bc2 Qf6 16. f4 Nc4 17. Nce2 Ne3 18. Qd3 Nxf1 19. Rxf1 Bb5 20. Nxb5 axb5 21. a3 e6 22. d6 Qxb2 23. Rf3 Rfc8 24. Bb3 Rxa3 25.
d7 Rd8 26. Rg3 Ra1+ 27. Kh2 Qb1 28. Rxg7+ Kxg7 29. Qd4+ Kg6 30. Qe3 Qh1+ 31. Kg3 Qe1+ 32. Kh2 Rxd7 33. Bxe6 Qh1+ 34. Kg3 Qe1+ 35. Kh2 Qd2 36.
Bxf5+ Kg7 37. Qe5+ f6 38. Qxa1 Re7 39. Ng3 Qxf4 40.
Bg4 Re3 41. Bf3 h5 42. Qd1 h4 43. Qd7+ Kh6 44. Qf7 Qxg3+ 45. Kg1 Re1# 0-1

[Event "*** Titled Tuesday Blitz"]
[Site "Chess.com"]
[Date "2019.09.03"]
[Round "2"]
[White "JakubPulpan"]
[Black "Andrei_Belozerov"]
[Result "1-0"]
[WhiteElo "2758"]
[BlackElo "2520"]
[TimeControl "180+2"]
[EndTime "15:24:03 PDT"]
[Termination "JakubPulpan won by resignation"]

1. e4 c6 2. d4 d5 3. exd5 cxd5 4.
Bd3 Nc6 5. c3 Nf6 6. Bf4 Bg4 7.
Qb3 Qd7 8. Nd2 e6 9. Ngf3 Bxf3 10. Nxf3 Bd6 11. Bxd6 Qxd6 12. O-O O-O 13. Rae1 Qc7 14. Ne5 Nxe5 15. Rxe5 Rab8 16. Re3 b5 17. a3 Rb6 18. Rh3 Rfb8 19. Qd1 h6 20. Qf3 a5 21. Rxh6 gxh6 22. Qxf6 e5 23. Qxe5 Qxe5 24. dxe5 b4 25. cxb4 axb4 26.
a4 Rc6 27. a5 b3 28. a6 Rc2 29.
Bxc2 bxc2 30. Rc1 Rxb2 31. a7 Ra2 32. g3 Rxa7 33. Rxc2 Kg7 34. Rc6 Ra1+ 35. Kg2 Re1 36. f4 Re2+ 37. Kh3 h5 38. Rd6 Rd2 39. f5 d4 40. Rd7 Kg8 41. Kh4 Rxh2+ 42. Kg5 Rg2 43. Kf6 Rxg3 44. Rd8+ Kh7 45. Kxf7 d3 46. e6 h4 47. e7 Rg7+ 48. Kf6 Rxe7 49. Kxe7 h3 50. Rxd3 h2 51. Rh3+ 1-0

[Event "*** Titled Tuesday Blitz"]
[Site "Chess.com"]
[Date "2019.09.03"]
[Round "2"]
[White "jorquerino"]
[Black "Korchmar_Vasiliy"]
[Result "0-1"]
[WhiteElo "2304"]
[BlackElo "2704"]
[TimeControl "180+2"]
[EndTime "15:24:05 PDT"]
[Termination "Korchmar_Vasiliy won by resignation"]

1. e4 c5 2. Nc3 d6 3. g3 Nc6 4.
Bg2 g6 5. d3 Bg7 6. Be3 Nf6 7.
h3 O-O 8. Nge2 Rb8 9. f4 Nd7 10. a4 a6 11. O-O b5 12. axb5 axb5 13. Qd2 b4 14. Nd1 Bb7 15. g4 e6 16. f5 Nce5 17.
Bh6 d5 18. Bxg7 Kxg7 19. Nf4 Qb6 20. Kh1 dxe4 21. dxe4 Nf6 22. Nf2 Rbd8 23. Qe3 Rd4 24.
g5 Nfd7 25. f6+ Kh8 26. Qg3 Qd6 27. Qh4 Rg8 28. Rad1 Ba6 29. Rxd4 Qxd4 30. Rd1 Qxb2 31. Ng4 Qxc2 32. Ra1 b3 33. Nxe5 Nxe5 34. Rxa6 b2 35. Rb6 b1=Q+ 36. Rxb1 Qxb1+ 37. Kh2 Qc1 38. Qg3 Qb2 39.
h4 Qd2 40. Kh3 c4 41. Nxe6 Qd7 42. Qxe5 Re8 43. Kh2 Qxe6 44. Qd4 Qe5+ 45. Qxe5 Rxe5 46. Kg3 c3 0-1

[Event "*** Titled Tuesday Blitz"]
[Site "Chess.com"]
[Date "2019.09.03"]
[Round "2"]
[White "mitrabhaa"]
[Black "GM_dmitrij"]
[Result "0-1"]
[WhiteElo "2646"]
[BlackElo "2963"]
[TimeControl "180+2"]
[EndTime "15:24:06 PDT"]
[Termination "GM_dmitrij won by checkmate"]

1. Nf3 d5 2. c4 d4 3. b4 g5 4. Bb2 Bg7 5. h3 e5 6. d3 h6 7. g3 Ne7 8. Bg2 O-O 9. Nbd2 Ng6 10. O-O f5 11. a4 Nd7 12. a5 Nf6 13. Ne1 a6 14. b5 h5 15. Qb3 Kh8 16. bxa6 Rxa6 17.
Bxb7 Bxb7 18. Qxb7 Re6 19. Ba3 Rg8 20. Nc2 h4 21. Rfb1 g4 22. a6 hxg3 23. fxg3 gxh3 24. a7 Bh6 25. Qb8 h2+ 26. Kh1 Qd7 27. a8=Q Bxd2 28.
Bc5 Ree8 29. Ra6 Kg7 30. Qaa7 Rxb8 31. Rxb8 Rxb8 32. Qxb8 Nh5 33. Qb7 Nxg3+ 34. Kxh2 Bf4 35. Rc6 Nxe2+ 36. Kg2 e4 37. Bb6 exd3 38. Bxc7 dxc2 39. Be5+ Nxe5 40. Rc7 c1=Q 41. Rxd7+ Nxd7 42. Qxd7+ Kf6 43. Qd8+ Kg6 44. Qg8+ Kh5 45. Qf7+ Kg4 46. Qd5 Qg1# 0-1

[Event "*** Titled Tuesday Blitz"]
[Site "Chess.com"]
[Date "2019.09.03"]
[Round "2"]
[White "chesstatour"]
[Black "laboratorio25"]
[Result "0-1"]
[WhiteElo "2026"]
[BlackElo "2399"]
[TimeControl "180+2"]
[EndTime "15:24:06 PDT"]
[Termination "laboratorio25 won by resignation"]

1. c4 Nf6 2. Nc3 e5 3. Nf3 Nc6 4. d4 exd4 5. Nxd4 Nxd4 6. Qxd4 Be7 7. g3 O-O 8. Bg2 d6 9. O-O Re8 10. b3 Nd7 11. Nd5 Bf6 12. Nxf6+ Qxf6 13. Qxf6 Nxf6 14. e3 a5 15. Bb2 Ne4 16. Rfd1 Bf5 17. f3 Nc5 18. e4 Be6 19. Rac1 f6 20. Bd4 b6 21. Kf2 Bf7 22. Rd2 Re7 23. Rcd1 Rae8 24. Rb2 Na6 25. a3 Rb8 26. b4 axb4 27. axb4 Bxc4 28. b5 Nc5 29. Bxc5 bxc5 30. Rdb1 Rb6 31. Bf1 Bxf1 32.
Kxf1 Re8 33. Ke2 Reb8 34. Kd3 Ra8 35. Kc4 Kf7 36. f4 Ke6 37. Re1 Ra4+ 38. Kc3 Ra3+ 39. Kc4 Rb8 40. e5 Ra4+ 41. Kc3 fxe5 42. fxe5 d5 43.
Kc2 Rb4 44. Rxb4 cxb4 45. Kb3 Rxb5 46. Rf1 c5 47. Rf8 c4+ 48. Kb2 Rb7 49. Re8+ Re7 50.
Rb8 b3 51. Kc3 Kxe5 52. Rh8 g6 53. h4 Rb7 54. Re8+ Kf5 55. Rd8 b2 56. Rxd5+ Ke6 0-1

[Event "*** Titled Tuesday Blitz"]
[Site "Chess.com"]
[Date "2019.09.03"]
[Round "2"]
[White "nurgyulsalimova"]
[Black "joshdaruca"]
[Result "0-1"]
[WhiteElo "2519"]
[BlackElo "2740"]
[TimeControl "180+2"]
[EndTime "15:24:10 PDT"]
[Termination "joshdaruca won by resignation"]

1. c4 c5 2. Nf3 Nc6 3. Nc3 g6 4.
g3 Bg7 5. Bg2 e6 6. O-O Nge7 7.
e3 O-O 8. b3 d5 9. cxd5 Nxd5 10. Bb2 b6 11. d4 Nxc3 12. Bxc3 Bb7 13. Rc1 cxd4 14. Nxd4 Rc8 15. Nxc6 Bxc6 16. Bxg7 Bxg2 17. Bxf8 Bxf1 18. Rxc8 Qxc8 19. Bh6 Bh3 20. Qa1 f6 21. Qd1 Kf7 22. e4 e5 23. Be3 h5 24. Qd5+ Be6 25.
Qd3 Qc6 26. f3 g5 27. Kf2 a5 28. f4 gxf4 29. gxf4 exf4 30. Bxf4 a4 31. bxa4 Qxa4 32. Qe2 Bg4 33. Qd2 Qxe4 34. Bg3 Qf3+ 35. Kg1 Be6 36.
Qc2 Bd5 37. Qc7+ Kg6 38. Qc2+ Be4 39. Qd2 h4 40. Bxh4 Qh1+ 41. Kf2 Qxh2+ 42. Ke3 Qxh4 43.
Qd4 f5 44. Qd6+ Qf6 45. Qg3+ Kh5 46. Qh2+ Qh4 47. Qb8 Qe1+ 48. Kd4 Qb4+ 49. Ke5 Kg4 50. Qg8+ Kf3 51. Qh7 Qc5+ 52. Kf6 Qd6+ 53. Kg5 Kf2 54. Qh4+ Qg3+ 0-1

[Event "*** Titled Tuesday Blitz"]
[Site "Chess.com"]
[Date "2019.09.03"]
[Round "2"]
[White "Walter_White_Poland"]
[Black "bubacik"]
[Result "0-1"]
[WhiteElo "2306"]
[BlackElo "2706"]
[TimeControl "180+2"]
[EndTime "15:24:12 PDT"]
[Termination "bubacik won by resignation"]

1. Nf3 Nf6 2. c4 e6 3. g3 b6 4. Bg2 Bb7 5. O-O Be7 6. b3 O-O 7. Bb2 d5 8. e3 a5 9. Nc3 Ne4 10. d3 Nxc3 11. Bxc3 a4 12. Qc2 Na6 13. Rfc1 dxc4 14.
dxc4 Nb4 15. Bxb4 Bxb4 16. Ng5 Qxg5 17. Bxb7 Rad8 18. Rd1 a3 19. h4 Qe5 20. Be4 g6 21.
Kg2 Kg7 22. Rab1 h5 23. Bf3 Rxd1 24. Rxd1 Qb2 25. Be4 Bd6 26. Rb1 Qe5 27. Bf3 Rh8 28. b4 g5 29. hxg5 h4 30. Rh1 hxg3 31. Rxh8 Kxh8 32.
Qe4 Qxg5 33. Qg4 Qxg4 34. Bxg4 gxf2 35. c5 bxc5 36. bxc5 Bxc5 37. Kxf2 f5 38. Bh5 f4 39. Kf3 Bxe3 40. Bf7 e5 41. Bd5 Kg7 42. Ke4 Kf6 43. Bc4 Bd4 44. Be2 Ke6 45. Bf3 Kd6 46. Kd3 Kc5 47. Bg4 Kb4 48. Bf3 c5 49. Bd5 Kb5 50. Bc4+ Ka4 51. Bd5 Kb4 52. Kc2 c4 53. Be4 Kc5 54.
Bf3 Bb2 55. Be4 Kd4 56. Bc6 Ke3 0-1

[Event "*** Titled Tuesday Blitz"]
[Site "Chess.com"]
[Date "2019.09.03"]
[Round "2"]
[White "eljanov"]
[Black "Gubajdullin"]
[Result "1-0"]
[WhiteElo "2913"]
[BlackElo "2609"]
[TimeControl "180+2"]
[EndTime "15:24:13 PDT"]
[Termination "eljanov won by resignation"]

1. Nf3 f5 2. g3 Nf6 3. Bg2 g6 4. O-O Bg7 5. c4 O-O 6. Nc3 d6 7. d4 Qe8 8. Nd5 Nxd5 9. cxd5 Qb5 10. Ng5 h6 11. a4 Qc4 12. Ne6 Bxe6 13. dxe6 d5 14. Bf4 c6 15. e3 g5 16. Bc7 Qb4 17.
Ra3 b6 18. a5 Na6 19. axb6 axb6 20. Rb3 Qa4 21. Bxb6 Rfb8 22. Qd3 Nb4 23. Rxb4 Qxb4 24. Bc5 Qb5 25. Qxf5 Rf8 26. Qc2 Qb7 27. b4 Rf6 28. Bh3 h5 29. Bg2 Rxe6 30. Qf5 Rh6 31. Qxg5 Re8 32.
h4 Kh8 33. Bf3 e5 34. Bxh5 Rg8 35. dxe5 Qd7 36. Bg4 Qe8 37. e6 Rh7 38. Bf5 Bc3 39. Qf4 Rh5 40. Bd4+ Bxd4 41. Qxd4+ Rg7 42. Bh3 Qe7 43.
Kh2 Kh7 44. Ra1 Rh6 45. Bf5+ Rhg6 46. h5 Kh6 47. Bxg6 Qg5 48. Qf4 Rxg6 49. hxg6 1-0

[Event "*** Titled Tuesday Blitz"]
[Site "Chess.com"]
[Date "2019.09.03"]
[Round "2"]
[White "SONOFHOLYGOD"]
[Black "hansen"]
[Result "1/2-1/2"]
[WhiteElo "2589"]
[BlackElo "2865"]
[TimeControl "180+2"]
[EndTime "15:24:13 PDT"]
[Termination "Game drawn by repetition"]

1. d4 Nf6 2. c4 e6 3. Nf3 b6 4.
a3 Bb7 5. Nc3 Ne4 6. Qc2 Nxc3 7.
Qxc3 Be7 8. g3 O-O 9. Bg2 d6 10. O-O a5 11. b4 axb4 12. axb4 Rxa1 13. Qxa1 Nd7 14. Bb2 Be4 15. d5 e5 16. Nxe5 dxe5 17.
Bxe4 Bxb4 18. Qb1 g6 19. Bxe5 Nxe5 20. Qxb4 Re8 21. Bg2 Nd7 22. d6 Rxe2 23. Rd1 Nc5 24. Bf3 Re6 25. dxc7 Qxc7 26. Qd2 Kg7 27. Bd5 Re7 28.
Qb2+ f6 29. Rb1 Nd7 30. h4 h5 31. Qd4 Qd6 32. Qb2 Qc7 33. Ra1 Nc5 34. Ra8 Qe5 35.
Qxe5 Rxe5 36. Rg8+ Kh7 37. Rb8 Re1+ 38. Kg2 Rb1 39.
Rf8 f5 40. Rf7+ Kh6 41. Rf6 Rb2 42. Rd6 Kg7 43. Bf3 Kf7 44. Rd5 Kf6 45. Rd6+ Ke5 46.
Rxg6 Nd3 47. Bxh5 Nxf2 48. Kf3 Ne4 49. Rg8 Rb3+ 50. Kg2 Rb2+ 51. Kf3 Nf6 52. Rg5 Ne4 53. Rg8 1/2-1/2

[Event "*** Titled Tuesday Blitz"]
[Site "Chess.com"]
[Date "2019.09.03"]
[Round "2"]
[White "nocnypako"]
[Black "platy3"]
[Result "0-1"]
[WhiteElo "2588"]
[BlackElo "2877"]
[TimeControl "180+2"]
[EndTime "15:24:15 PDT"]
[Termination "platy3 won on time"]

1. d4 Nf6 2. Nf3 b6 3. Bg5 Bb7 4. e3 e6 5. Bd3 h6 6. Bh4 Be7 7. O-O O-O 8. c3 c5 9. Nbd2 d5 10. Qe2 Nbd7 11. Ba6 Qc8 12. Bxb7 Qxb7 13. Ne5 Nxe5 14.
dxe5 Ne8 15. Bg3 Nc7 16. a4 a6 17. Rfd1 b5 18. axb5 axb5 19. Nb3 Ra4 20. Qc2 Rfa8 21. h3 R8a7 22. Rxa4 bxa4 23. Nd2 c4 24. Ra1 Qa8 25. e4 a3 26. bxa3 Rxa3 27. Rxa3 Qxa3 28. exd5 exd5 29. Qf5 Qc1+ 30. Kh2 Qxd2 31. Qc8+ Bf8 32. Qxc7 Qxc3 33. Qd8 Qd4 34. Qd7 Qe4 35. f3 Qe3 36. Qxd5 Bc5 37. h4 c3 38. Qc4 Qd4 39. Qb3 h5 40.
Kh3 Qd7+ 41. Kh2 Qd4 42. Kh3 Be7 43. e6 f5 44. Qb8+ Kh7 45. Qc8 f4 46. Be1 Qg1 47.
Bg3 fxg3 0-1

[Event "*** Titled Tuesday Blitz"]
[Site "Chess.com"]
[Date "2019.09.03"]
[Round "2"]
[White "r31415"]
[Black "area_5"]
[Result "0-1"]
[WhiteElo "2360"]
[BlackElo "2708"]
[TimeControl "180+2"]
[EndTime "15:24:17 PDT"]
[Termination "area_5 won by checkmate"]

1. e4 g6 2. d4 Bg7 3. Nc3 c6 4.
Be3 d5 5. Nf3 dxe4 6. Nxe4 Nd7 7. Bc4 Ngf6 8. Nxf6+ Nxf6 9. O-O O-O 10. h3 Nd5 11. Re1 b5 12. Bb3 Nxe3 13. Rxe3 e6 14. c3 Bb7 15. Ne5 Qc7 16. Nd3 Rad8 17. Qe2 a5 18. a3 Rfe8 19. Re1 Bf8 20. Ne5 Bc8 21. Bc2 b4 22. axb4 axb4 23. Ba4 Bd7 24. Qc4 bxc3 25. bxc3 Rc8 26. Rf3 Re7 27. Rb1 Be8 28. Re3 Bg7 29.
Nd3 Rb8 30. Ree1 Rxb1 31. Rxb1 Qc8 32. Rb6 Rc7 33. Nc5 Bf8 34. Na6 Rb7 35. Qb3 Ra7 36. Qc4 Rb7 37. Qb3 Rxb6 38. Qxb6 Bd6 39. g3 h5 40. h4 e5 41. d5 e4 42. Bxc6 e3 43.
fxe3 Bxg3 44. Kg2 Qg4 45. Qb7 Bxh4+ 46. Kf1 Qf3+ 47. Kg1 Bf2+ 48. Kh2 Qg3+ 49. Kh1 Qg1# 0-1

[Event "*** Titled Tuesday Blitz"]
[Site "Chess.com"]
[Date "2019.09.03"]
[Round "2"]
[White "2165149677570"]
[Black "ulises2013"]
[Result "1-0"]
[WhiteElo "2316"]
[BlackElo "2494"]
[TimeControl "180+2"]
[EndTime "15:24:20 PDT"]
[Termination "2165149677570 won by checkmate"]

1. e4 g6 2. d4 Bg7 3. c4 c5 4.
d5 d6 5. Nc3 e5 6. Be3 Ne7 7.
h4 f5 8. h5 f4 9. Bd2 Nd7 10.
Nf3 Nf6 11. h6 Bf8 12. g3 fxg3 13. fxg3 Bg4 14. Be2 Bxf3 15. Bxf3 Qd7 16. Bg5 Neg8 17. Ke2 Be7 18. Qd2 O-O-O 19. Rhb1 Kb8 20. b4 cxb4 21. Rxb4 Rc8 22. Rab1 b6 23. Qe3 Bd8 24. Na4 Rc5 25. Nxc5 dxc5 26. Qxc5 Ka8 27. Qf8 Qe7 28.
Qg7 Qc5 29. Be3 Qa5 30. a4 Ne8 31. Qxh8 Ngf6 32. c5 Qa6+ 33. Kf2 Qd3 34. cxb6 axb6 35. Bxb6 Qd2+ 36. Kg1 Be7 37. Rb5 Qa2 38. Ra5+ Kb7 39.
Rab5 Kc8 40. Rc1+ Kd7 41. Bg2 Ng4 42. Qxh7 Nef6 43. Qxg6 Qa3 44. Qf5+ Ke8 45. Rc8+ Kf7 46. Qe6+ Kg6 47. Rg8+ Kxh6 48. Rb1 Qxg3 49. Qxe7 Qh2+ 50. Kf1 Qf4+ 51. Ke2 Kh5 52. Rh1+ Nh2 53. Rh8+ Kg4 54. R1xh2 Nxe4 55. Qe6+ Kg3 56. R8h3# 1-0

[Event "*** Titled Tuesday Blitz"]
[Site "Chess.com"]
[Date "2019.09.03"]
[Round "2"]
[White "TenisMaster"]
[Black "Thjop"]
[Result "0-1"]
[WhiteElo "2780"]
[BlackElo "2561"]
[TimeControl "180+2"]
[EndTime "15:24:23 PDT"]
[Termination "Thjop won by resignation"]

1. e4 e6 2. d4 d5 3. e5 c5 4. c3 Qb6 5. Nf3 Bd7 6. Bd3 cxd4 7. Nxd4 Nc6 8. Nxc6 bxc6 9. O-O c5 10. c4 d4 11.
Nd2 Ne7 12. Qg4 Ng6 13. Re1 Be7 14. Nf3 a5 15. h4 Rg8 16. h5 Nf8 17. Ng5 Bxg5 18.
Bxg5 h6 19. Bh4 Bc6 20. Re2 a4 21. f4 Bd7 22. Rf1 g6 23. Bf6 Ra7 24. Rf3 a3 25. b3 Bc6 26. Rg3 Kd7 27. f5 g5 28. Kh2 Kc8 29. Rf2 Kb8 30. Qd1 exf5 31. Rxf5 Ne6 32.
Qd2 Re8 33. Rf2 Ka8 34. Bf5 Bd7 35. Be4+ Bc6 36. Bd3 Qa5 37. Qc1 Rc7 38. Bf5 Kb7 39.
Rd3 Nf4 40. Rxf4 gxf4 41. Qxf4 Qe1 42. Qxh6 Rg8 43. Bh3 Bxg2 44. Bxg2+ Rxg2+ 45. Kxg2 Qe2+ 46. Kh1 Qxd3 47. Qc1 Qf3+ 48. Kg1 Qxh5 49. Qxa3 Rc8 50.
Kf2 Qf5+ 51. Ke2 Qe4+ 52. Kd1 Rg8 0-1

[Event "*** Titled Tuesday Blitz"]
[Site "Chess.com"]
[Date "2019.09.03"]
[Round "2"]
[White "Grootneus"]
[Black "GCamachoMartinez"]
[Result "0-1"]
[WhiteElo "2119"]
[BlackElo "2417"]
[TimeControl "180+2"]
[EndTime "15:24:25 PDT"]
[Termination "GCamachoMartinez won by resignation"]

1. e4 e5 2. Nf3 Nf6 3. Nxe5 d6 4. Nf3 Nxe4 5. Nc3 Nxc3 6. dxc3 Be7 7. Be3 Nc6 8. Qd2 Be6 9. O-O-O Qd7 10. Kb1 Bf6 11. h4 h6 12. Nd4 Bxd4 13. Bxd4 Rg8 14. c4 Nxd4 15. Qxd4 c5 16. Qe4 O-O-O 17. g3 d5 18. Qe5 Qc7 19. Qxc7+ Kxc7 20. Bg2 dxc4 21. Be4 Rd4 22.
Bf3 Rgd8 23. c3 Bf5+ 24. Kc1 Rxd1+ 25. Rxd1 Bd3 26. Re1 Rd7 27. Re8 f5 28. Ra8 a6 29.
Rf8 Re7 30. Kd2 g5 31. hxg5 hxg5 32. Rg8 g4 33. Bd1 Be4 34. Rf8 Rd7+ 35. Kc1 b5 36.
Bc2 Bxc2 37. Kxc2 Rd5 38. Rf6 Kb7 39. a3 Re5 40. Kd2 a5 41. Rd6 b4 42. cxb4 cxb4 43. Rd4 Rc5 44. Rd6 c3+ 45. bxc3 bxa3 46. Kc2 a2 47.
Kb2 Rxc3 48. Kxa2 Rc2+ 49. Kb3 Rxf2 50. Rf6 Kc7 51. Ka4 Kd7 52. Kxa5 Ke7 53. Rc6 Rf3 54.
Kb4 Rxg3 55. Kc4 Re3 56. Kd4 Re4+ 57. Kd3 Kf7 58. Rh6 Kg7 59. Ra6 Kf7 60. Rh6 Re6 61. Rh8 Kg6 62. Rf8 Kg5 63. Rf7 Kf4 64. Rf8 g3 65.
Rg8 Kf3 66. Rg7 f4 67. Rg5 g2 0-1

[Event "*** Titled Tuesday Blitz"]
[Site "Chess.com"]
[Date "2019.09.03"]
[Round "2"]
[White "Niclox"]
[Black "wonderfultime"]
[Result "0-1"]
[WhiteElo "2632"]
[BlackElo "2940"]
[TimeControl "180+2"]
[EndTime "15:24:29 PDT"]
[Termination "wonderfultime won by resignation"]

1. e4 c5 2. Nf3 Nf6 3. e5 Nd5 4.
Nc3 e6 5. Nxd5 exd5 6. g3 d6 7. exd6 Bxd6 8. Bg2 Qe7+ 9. Qe2 Qxe2+ 10. Kxe2 Nc6 11. c3 Bf5 12. d4 O-O 13. Be3 c4 14. Rhe1 h6 15. Nh4 Bd3+ 16. Kd2 g5 17. Nf3 Be4 18.
Rg1 f5 19. Ne1 Bxg2 20. Nxg2 Kh7 21. h4 f4 22. Raf1 fxe3+ 23. Nxe3 gxh4 24. Nxd5 hxg3 25. fxg3 Rxf1 26. Rxf1 Rf8 27. Rxf8 Bxf8 28. Ke3 Bd6 29. Nf6+ Kg6 30. Ne4 Bf8 31. Nd2 b5 32. Ke4 Kg5 33. Kd5 Nd8 34. b3 cxb3 35. axb3 Kg4 36. Ne4 a5 37. c4 a4 38. cxb5 a3 39. Nc3 Kxg3 40. b6 h5 41. b7 Nxb7 42. Kc6 Na5+ 43. Kd7 Nxb3 44. d5 h4 45. Ke8 Bc5 46. Kd7 h3 47. Kc6 Kf3 48. Ne4 Kxe4 0-1

[Event "*** Titled Tuesday Blitz"]
[Site "Chess.com"]
[Date "2019.09.03"]
[Round "2"]
[White "scaryninja"]
[Black "patrisiii123"]
[Result "0-1"]
[WhiteElo "2500"]
[BlackElo "2338"]
[TimeControl "180+2"]
[EndTime "15:24:34 PDT"]
[Termination "patrisiii123 won by resignation"]

1. d4 d5 2. c4 e6 3. Nc3 c6 4. Nf3 Nf6 5. g3 Be7 6. Bg2 O-O 7. O-O Nbd7 8. b3 b6 9. Bb2 Bb7 10. Rc1 Rc8 11. Nd2 Re8 12. e4 dxe4 13. Ndxe4 Nxe4 14. Nxe4 Nf6 15. Qc2 Nxe4 16. Bxe4 g6 17. Rfd1 Bf6 18.
Bg2 Qe7 19. h4 Red8 20. Bc3 Rd7 21. Qb2 Rcd8 22. Rd2 c5 23. Bxb7 cxd4 24. Qc2 dxc3 25. Rxd7 Qxd7 26. Bf3 Qd2 27. Kf1 Rd3 28. Be2 Rd8 29.
Bf3 h5 30. a3 Kg7 31. b4 Qd3+ 32. Qxd3 Rxd3 33. Bd1 Rd4 34. Bb3 Rd2 35. Bc2 Bd4 36.
f4 Rf2+ 37. Ke1 Rg2 38. Rd1 Bf6 39. Be4 Rxg3 40. c5 Rg1+ 41. Ke2 Rxd1 42. Kxd1 bxc5 43. bxc5 Be7 44. c6 Bd6 45. Kc2 Bxf4 46. Kxc3 f5 47.
Bf3 Kf6 48. Kc4 Bc7 49. Kb5 e5 50. Ka6 Bb6 51. a4 e4 52. Be2 Ke6 53. Kb7 Kd6 54.
Bc4 f4 55. Bf7 f3 0-1

[Event "*** Titled Tuesday Blitz"]
[Site "Chess.com"]
[Date "2019.09.03"]
[Round "2"]
[White "abubakrtagelsir"]
[Black "GasconJR"]
[Result "0-1"]
[WhiteElo "2252"]
[BlackElo "2487"]
[TimeControl "180+2"]
[EndTime "15:24:36 PDT"]
[Termination "GasconJR won by checkmate"]

1. e4 Nc6 2. Nf3 d6 3. Bb5 Nf6 4. Nc3 a6 5. Bxc6+ bxc6 6. O-O c5 7. d3 e5 8. h3 g6 9. Bg5 h6 10. Bh4 Bg7 11. Qd2 g5 12. Bg3 Nh5 13. Ne2 Nf4 14. Bh2 Be6 15. Ng3 Qd7 16. Ne1 h5 17. c3 Rb8 18. b4 Bh6 19. d4 g4 20. Qc2 gxh3 21. Nf5 Bxf5 22. exf5 hxg2 23. Nxg2 Nxg2 24. Kxg2 Qc6+ 25. f3 cxd4 26. c4 Be3 27. Rab1 h4 28.
Kh1 Rg8 29. f6 Qd7 30. Qh7 Rf8 31. c5 Qe6 32. cxd6 cxd6 33. Qe4 Kd7 34. b5 axb5 35.
Qd3 Qc4 36. Qf5+ Kc7 37. Bxe5 dxe5 38. Qxe5+ Kb6 39. Qd6+ Qc6 40. Qb4 Rfd8 41. a4 Rd5 42. Qe7 Rf5 43. Rxb5+ Rxb5 44. axb5 Qd5 45. Qb4 Rg8 46.
Qa4 Rg1+ 47. Rxg1 Qxf3+ 48. Rg2 Qh3+ 49. Rh2 Qf1# 0-1

[Event "*** Titled Tuesday Blitz"]
[Site "Chess.com"]
[Date "2019.09.03"]
[Round "2"]
[White "leschebaza"]
[Black "vova-79"]
[Result "1/2-1/2"]
[WhiteElo "2168"]
[BlackElo "2397"]
[TimeControl "180+2"]
[EndTime "15:24:40 PDT"]
[Termination "Game drawn by repetition"]

1. e4 e6 2. d4 d5 3. Nd2 c5 4. Ngf3 cxd4 5. Nxd4 Nf6 6. Bb5+ Bd7 7. Bxd7+ Qxd7 8. exd5 Qxd5 9. N4f3 Nc6 10. O-O Be7 11. Nb3 O-O 12. Be3 Rfd8 13. Qxd5 Nxd5 14. Bc5 Bf6 15.
c3 b6 16. Bd4 Nxd4 17. Nbxd4 Rac8 18. a4 a6 19. h3 g6 20. Rfe1 Nf4 21. Red1 Rd7 22.
a5 b5 23. Nc2 Ra7 24. Nb4 Be7 25. Ne5 Bxb4 26. cxb4 Nd5 27. Rd4 Rc2 28. Nd3 Rc4 29. Rxc4 bxc4 30. Ne5 Nxb4 31. Nxc4 Nd5 32. Nb6 Rb7 33.
Nxd5 exd5 34. Ra2 Kg7 35. Kf1 Kf6 36. Ke2 Ke5 37. Kd3 Rb3+ 38. Kd2 Kd4 39. Kc2 Rb7 40.
Ra3 Rb5 41. h4 h5 42. Rf3 Rb7 43. Ra3 Ke4 44. Re3+ Kd4 45. Rd3+ Kc5 46. Rc3+ Kd6 47. Ra3 Rb4 48. g3 f5 49. Kc3 Rc4+ 50. Kd3 Rb4 51. Kc3 Re4 52. Rb3 Rc4+ 53. Kd3 Rc6 54. Kd4 Rc4+ 55. Kd3 Rc6 56. Kd4 Rc4+ 57. Kd3 1/2-1/2